Map: Miner Evacuation

Players

Alex

  • Race: Zerg Zerg
  • Spawn Location: 7:00

NamroodTuo

  • Race: Terran Terran
  • Spawn Location: 7:00

VOD

Have the link to the VOD?

Description

Time

  • Played on: Feb. 6, 2023, 11:42 a.m.
  • Length: 26:49
Show
View Real Time Build Order
Export as new Build Order

Alex Zerg 

Build Orders:  

Get SALT Encoding   

  12  0:13  Extractor  
  11  0:34  Drone x2  
  13  0:50  Spawning Pool  
  12  1:08  Evolution Chamber  
  11  1:20  Drone x3  
  14  1:33  Overlord  
  14  2:41  Lair  
  14  2:45  Drone x2  
  14  2:46  Drone x4  
  20  3:05  Extractor, Drone  
  20  4:18  Chain Reaction  
  20  4:27  Hive  
  20  4:28  Hydralisk Den  
  19  4:39  Drone  
  20  4:40  Drone x2  
  20  4:43  Overlord x3  
  22  6:01  Ultralisk Cavern  
  21  6:12  Drone x4  
  21  6:13  Drone  
  21  6:18  Ability Efficiency  
  26  7:19  Chitinous Plating  
  26  8:08  Spire  
  25  8:13  Greater Spire  
  25  10:34  Zerg Flyer Weapons Level 1  
  25  10:38  Zerg Ground Armor Level 1  
  25  11:41  Mutalisk x3  
  25  11:42  Mutalisk x2  
  35  12:57  Mutalisk x2  
  35  12:58  Mutalisk x3  
  35  13:15  Brood Lord x2  
  35  13:16  Brood Lord x3  
  35  13:18  Zerg Melee Weapons Level 1  
  45  13:28  Overlord x2  
  45  13:29  Overlord x2  
  45  13:30  Overlord  
  45  14:08  Ultralisk x2  
  57  14:36  Zerg Flyer Weapons Level 2  
  57  15:58  Heroic Fortitude  
  57  16:19  Ultralisk x2  
  63  16:27  Zergling x8  
  61  16:39  Adrenal Overload  
  61  16:58  Zerg Ground Armor Level 2  
  61  17:01  Zergling  
  60  17:50  Zerg Flyer Weapons Level 3  
  60  18:06  Zergling x2  
  60  18:08  Zergling x2  
  60  18:09  Zergling  
  60  18:10  Zergling x2  
  60  18:11  Zergling  
  60  18:12  Zergling  
  60  18:14  Zergling x2  
  60  18:16  Zergling x2  
  60  18:17  Zergling  
  60  18:18  Zergling x3  
  60  18:19  Zergling  
  60  18:21  Zergling  
  60  18:23  Zergling x2  
  60  18:25  Zergling x2  
  60  18:26  Zergling x2  
  60  18:27  Zergling  
  60  18:28  Zergling  
  60  18:29  Zergling  
  59  18:50  Mutalisk x2  
  63  19:11  Zergling  
  63  19:12  Zergling x2  
  61  19:44  Mutalisk x2  
  61  20:02  Brood Lord x2  
  61  20:07  Zerg Melee Weapons Level 2  
  65  20:39  Mutalisk x2  
  69  21:13  Mutalisk x2  
  69  21:31  Brood Lord x2  
  67  23:01  Zerg Flyer Armor Level 1  
  67  23:08  Mutalisk  
  67  23:09  Mutalisk  
  71  23:12  Mutalisk  
  73  23:28  Mutalisk  
  73  23:29  Mutalisk  
  73  23:38  Mutalisk  
  73  23:46  Brood Lord  
  73  23:47  Brood Lord  
  77  23:56  Brood Lord  
  79  25:08  Ultralisk  
  85  25:11  Overlord  
  85  25:12  Overlord  
  85  25:13  Overlord  
  85  25:15  Overlord  
  85  25:38  Ultralisk  
  85  25:40  Zergling x2  
  86  25:59  Zergling x2  
Show
View Real Time Build Order
Export as new Build Order

NamroodTuo Terran 

Build Orders:  

Get SALT Encoding   

  12  0:03  SCV  
  13  0:16  SCV  
  14  0:30  SCV  
  14  0:33  Supply Depot  
  15  0:47  SCV  
  16  1:01  SCV  
  16  1:08  Factory  
  17  1:14  SCV  
  18  1:29  SCV  
  19  1:39  Supply Depot  
  19  1:43  SCV  
  20  1:56  Refinery  
  20  1:57  SCV  
  21  2:10  SCV  
  21  2:11  Refinery  
  22  2:24  SCV  
  23  2:38  SCV  
  24  2:52  SCV  
  25  3:06  SCV  
  26  3:18  Perdition Turret  
  26  3:19  SCV  
  27  3:33  SCV  
  27  3:36  Supply Depot  
  28  3:46  SCV  
  29  4:00  SCV  
  29  4:03  Devastation Turret  
  29  4:08  Factory Tech Reactor, Supply Depot  
  30  4:13  SCV  
  31  4:27  SCV  
  32  4:41  SCV  
  32  4:42  Perdition Turret  
  33  4:58  Armory  
  33  5:02  SCV, Engineering Bay  
  34  5:16  Devastation Turret  
  34  5:43  Devastation Turret  
  34  5:52  Thor  
  40  6:07  Perdition Turret  
  40  6:21  Perdition Turret x2  
  40  6:23  Spinning Dizzy  
  40  6:34  Perdition Turret  
  40  6:37  Spinning Dizzy, Devastation Turret  
  40  6:44  Perdition Turret  
  40  6:59  Perdition Turret  
  40  7:04  Upgrade Laser Drill Level 1  
  40  7:10  Fire-Suppression Systems  
  40  7:12  SCV  
  40  7:16  Perdition Turret  
  41  7:24  Factory  
  41  7:29  330mm Barrage Cannon  
  41  7:33  Perdition Turret  
  41  7:34  Perdition Turret  
  40  7:55  Spinning Dizzy  
  40  8:06  SCV  
  41  8:12  Factory Tech Reactor  
  41  8:18  Thor, Spinning Dizzy  
  47  9:10  Supply Depot  
  47  9:17  KMC Auto-Loaders  
  47  9:23  Regenerative Bio-Steel  
  47  9:30  Thor  
  47  9:33  Supply Depot  
  47  9:35  Supply Depot  
  53  9:55  Supply Depot  
  53  10:08  Starport  
  53  10:13  Thor  
  59  10:47  Structure Armor  
  59  10:53  Advanced Optics  
  59  12:04  Hi-Sec Auto Tracking  
  59  12:09  Supply Depot  
  59  12:10  Thor  
  59  12:13  Starport Tech Reactor  
  65  12:53  Terran Vehicle And Ship Armor Level 1  
  65  13:15  Improved Nano-Repair  
  65  13:19  Science Vessel x2  
  69  13:49  Supply Depot  
  69  14:07  Science Vessel  
  71  14:11  Supply Depot  
  71  14:15  Defensive Matrix  
  71  14:32  Supply Depot  
  71  14:55  Supply Depot  
  69  15:19  Spinning Dizzy  
  69  15:29  Thor x2  
  81  15:33  Terran Vehicle and Ship Weapons Level 1  
  81  15:34  Science Vessel  
  81  15:35  Spinning Dizzy  
  83  15:40  Wraith  
  85  16:46  Thor  
  91  17:15  Thor  
  97  17:35  Supply Depot  
  97  17:58  Supply Depot  
  97  18:13  Terran Vehicle And Ship Armor Level 2  
  96  18:20  Supply Depot  
  96  18:41  Supply Depot  
  96  19:03  Supply Depot  
  96  19:26  Supply Depot  
  96  19:47  Supply Depot  
  96  20:02  Thor x2  
  96  20:05  Science Vessel x2  
  96  20:08  Supply Depot  
  112  20:30  Devastation Turret  
  112  20:48  Perdition Turret  
  112  21:20  Upgrade Laser Drill Level 2  
  112  21:22  Terran Vehicle and Ship Weapons Level 2  
  112  24:04  Thor x2  
  112  24:06  Science Vessel x2  
  128  25:04  Thor  
  128  25:06  Thor  
  128  25:24  Thor  
Tags
 
Commander
KerriganSwann
Matchup
Co-op
Replay Pack
Multiplayer
Add a new tag
Caveats
  • Supply blocks, unpowered buildings, or Contaminate may cause inaccurate times.
  • Supply counts are checked every 10 seconds.